 Seeded DCSS version 0.28-a0-1567-g1695149f81 (webtiles) character file.

Game seed: 392 (custom seed)

8 knot the Chopper (level 2, 24/24 HPs)
             Began as a Demonspawn Berserker on Jan 19, 2022.
             Was a Follower of Trog.
             Quit the game on level 1 of the Dungeon.
             The game lasted 00:00:18 (455 turns).

knot the Chopper (Demonspawn Berserker)              Turns: 455, Time: 00:00:19

Health: 24/24      AC:  2    Str: 17    XL:     2   Next: 0%
Magic:  2/2        EV: 12    Int:  8    God:    Trog [*.....]
Gold:   32         SH:  0    Dex: 12    Spells: 1/1 levels left

rFire   . . .      SeeInvis .   a - +0 hand axe
rCold   . . .      Faith    .   (no shield)
rNeg    . . .      Spirit   .   b - +0 animal skin
rPois   .          Reflect  .   (helmet restricted)
rElec   .          Harm     .   (no cloak)
rCorr   .          Rampage  .   (no gloves)
Will    .....                   (no boots)
Stlth   +.........              (no amulet)
HPRegen 0.08/turn               (no ring)
MPRegen 0.08/turn               (no ring)

@: no status effects
A: antennae 1
a: Renounce Religion, Berserk


You were on level 1 of the Dungeon.
You worshipped Trog.
Trog was aware of your devotion.
You visited 1 branch of the dungeon, and saw 1 of its levels.

You collected 32 gold pieces.

Inventory:

Hand Weapons
 a - a +0 hand axe (weapon)
Armour
 b - a +0 animal skin (worn)
Potions
 c - a potion of lignification {unknown}


   Skills:
 - Level 3.0 Fighting
 + Level 3.2 Axes
 - Level 1.7 Armour
 - Level 1.7 Dodging


You had one spell level left.
You didn't know any spells.
Your spell library was empty.

Dungeon Overview and Level Annotations

Branches:
Dungeon (1/15)

Altars:


Innate Abilities, Weirdness & Mutations

You have a pair of small antennae on your head.


Message History

You recover from your berserk rage.
You start resting.
You start resting.
HP restored.
Things that are here:
a frilled lizard skeleton; a rat skeleton You now have 24 gold pieces (gained 12).
Things that are here:
a frilled lizard skeleton; a rat skeleton You now have 32 gold pieces (gained 8).
A bat comes into view.
A bat is nearby!
A bat is nearby!
A bat is nearby!
Found 18 arrows.
The bat hits you. The bat hits you but does no damage.
You hit the bat.
You kill the bat!
Trog accepts your kill.
No target in view!
No target in view!
No target in view!
c - a bubbling blue potion No target in view!
Found 10 bolts.
No target in view!
A goblin comes into view. It is wielding a +0 club.
Found a coppery potion.
The goblin shouts!
Found a leather armour.
You see here 18 arrows.
You closely miss the goblin. You punch the goblin.
You kill the goblin!
Trog accepts your kill.
You have reached level 2!
You feel monstrous as your demonic heritage exerts itself.
Your demonic ancestry asserts itself...
A pair of antennae grows on your head!
Are you sure you want to abandon this character and quit the game? (Confirm with "yes".)

### ... #.[ ##
#..#########...
###.....((!.....
............# .#
..........#.##.#
......)@##..##.#
.......#.#..##.#
.....##.#...##.# ....
.##....##.# #.. #.#....##.#
#..# .#........# # .
..##.......†.###...# ..
........................
...................#####...#


There were no monsters in sight!

Vanquished Creatures
  A goblin (D:1)
  A kobold (D:1)
  2 bats (D:1)
  2 frilled lizards (D:1)
  3 rats (D:1)
9 creatures vanquished.

Notes
Turn   | Place    | Note
-------+----------+-------------------------------------------
     0 | D:1      | knot the Demonspawn Berserker began the quest for the Orb.
     0 | D:1      | Reached XP level 1. HP: 18/18 MP: 1/1
   455 | D:1      | Discovered your monstrous ancestry.
   455 | D:1      | Gained mutation: You have a pair of small antennae on your
                  | head. [demonic ancestry]
   455 | D:1      | Reached XP level 2. HP: 24/24 MP: 2/2
   455 | D:1      | Quit the game

Illustrated notes

Levels and vault maps discovered:
D:1:      matt_arrival_los_fun, layout_loops_ring,
          minmay_misc_feat_secret_circle

Skill      XL: |  1 |
---------------+----+-----
Axes           | 3 |  3.2
Fighting       | |  3.0
Armour         | |  1.7
Dodging        | |  1.7

Action                   || total
-------------------------++-------
Melee: Hand axe          ||    19
       Punch             ||     1
Invok: Berserk           ||     1
Armor: Animal skin       ||     1
Dodge: Dodged            ||     8

Table legend: (Time is in decaauts)
 A = Elapsed time spent in this place.
 B = Non-inter-level travel time spent in this place.
 C = Inter-level travel time spent in this place.
 D = Time resting spent in this place.
 E = Time spent auto-exploring this place.
 F = Levels seen in this place.
 G = Mean time per level.
                   A        B        C        D        E       F      G
               +--------+--------+--------+--------+--------+-----+--------+
         Total |    469 |    469 |      0 |    222 |    198 |   1 |  469.0 |
       Dungeon |    469 |    469 |      0 |    222 |    198 |   1 |  469.0 |
               +--------+--------+--------+--------+--------+-----+--------+

Top non-repeatable levels by time:
     D:1: 469 daAuts
